 Dungeon Crawl Stone Soup version 0.23-a0-481-g60b89c1 (webtiles) character file.

28 galech the Covered (level 3, 29/29 HPs)
             Began as a Demonspawn Fighter on Nov 29, 2018.
             Quit the game on level 2 of the Dungeon.
             The game lasted 00:01:00 (1077 turns).

galech the Covered (Demonspawn Fighter)             Turns: 1077, Time: 00:01:00

Health: 29/29      AC:  6    Str: 16    XL:     3   Next: 0%
Magic:  3/3        EV:  7    Int:  9    God:
Gold:   85         SH:  9    Dex: 15    Spells: 2/2 levels left

rFire    . . .     SeeInvis .   a - +0 war axe
rCold    . . .     Gourm    .   c - +0 shield
rNeg     . . .     Faith    .   b - +0 scale mail
rPois    .         Spirit   .   (helmet restricted)
rElec    .         Reflect  .   (no cloak)
rCorr    .         Harm     .   (no gloves)
MR       .....                  (no boots)
Stlth    +.........             (no amulet)
HPRegen  0.09/turn              (no ring)
MPRegen  0.08/turn              (no ring)

@: no status effects
A: horns 1, thin skeletal structure 1
a: no special abilities


You were on level 2 of the Dungeon.
You were not hungry.

You visited 1 branch of the dungeon, and saw 2 of its levels.

You collected 85 gold pieces.

Inventory:

Hand Weapons
 a - a +0 war axe (weapon)
Armour
 b - a +0 scale mail (worn)
 c - a +0 shield (worn)
Scrolls
 e - a scroll of enchant armour {unknown}
 h - a scroll of enchant weapon {unknown}
 j - 3 scrolls of identify {unknown}
 l - 2 scrolls of amnesia {unknown}
 m - a scroll of fog {unknown}
Potions
 d - a potion of might
 g - a potion of curing {unknown}
 i - a potion of invisibility {unknown}
 k - 2 potions of heal wounds {unknown}
 o - 2 potions of lignification {unknown}
Comestibles
 f - 4 rations
 n - a chunk of flesh


   Skills:
 + Level 3.1 Fighting
 + Level 2.2 Axes
 + Level 3.1 Armour
 + Level 0.3 Dodging
 + Level 2.9 Shields


You had 2 spell levels left.
You didn't know any spells.
Your spell library was empty.

Dungeon Overview and Level Annotations

Branches:
Dungeon (2/15)

Altars:
Vehumet


Innate Abilities, Weirdness & Mutations

You have a pair of small horns on your head.
You have a somewhat thin skeletal structure. (Dex +2, Stealth)


Message History

No target in view!
No target in view!
A giant cockroach comes into view.
You are feeling hungry.
You slash the giant cockroach!
You kill the giant cockroach!
You have reached level 3!
Your experience leads to an increase in your attributes!
Increase (S)trength, (I)ntelligence, or (D)exterity?
You feel agile.
Your demonic ancestry asserts itself...
A pair of horns grows on your head!
You see here a giant cockroach corpse.
You butcher the giant cockroach corpse.
n - 2 chunks of flesh Eating one of 2 chunks of flesh.
You eat one of the 2 chunks of flesh.
This raw flesh tastes terrible.
Found 32 stones.
You see here 32 stones.
o - 2 silvery potions Are you sure you want to abandon this character and quit the game? (Confirm

## #..# #.. #.. #.#
### ##.# # #####..##
# #.......# #
#.......###.## #
#.............#######
#...@...# #........
#.......###..######..
#######...##.........
#(..########... #...#
#......
#...#####.###..
#####.........# #..
.........####### #..
######...# #..


There were no monsters in sight!

Vanquished Creatures
  An adder (D:2)
  2 bats (D:1)
  2 giant cockroaches (D:2)
  2 goblins
  3 hobgoblins (D:1)
  2 jackals (D:1)
  A kobold (D:2)
  4 frilled lizards
  A rat (D:1)
18 creatures vanquished.

Notes
Turn   | Place    | Note
-------+----------+-------------------------------------------
     0 | D:1      | galech the Demonspawn Fighter began the quest for the Orb.
     0 | D:1      | Reached XP level 1. HP: 18/18 MP: 1/1
   275 | D:1      | Gained mutation: You have a somewhat thin skeletal
                  | structure. (Dex +2, Stealth) [demonic ancestry]
   275 | D:1      | Reached XP level 2. HP: 12/24 MP: 2/2
   746 | D:2      | Found a radiant altar of Vehumet.
  1048 | D:2      | Gained mutation: You have a pair of small horns on your
                  | head. [demonic ancestry]
  1048 | D:2      | Reached XP level 3. HP: 29/29 MP: 3/3
  1077 | D:2      | Quit the game

Vault maps used:
D:1:      scummos_arrival_forest
D:2:      fiery_altar_vehumet

Skill      XL: |  1  2 |
---------------+-------+-----
Armour         | 3 |  3.1
Axes           | 2 |  2.2
Fighting       | |  3.1
Dodging        | |  0.3
Shields        | |  2.9

Action                   || total
-------------------------++-------
Melee: War axe           ||    60
  Eat: Chunk             ||     1
Armor: Scale mail        ||    38
Dodge: Dodged            ||    24
Block: Shield            ||    40

Table legend:
 A = Non-vault XP
 B = Vault XP
 C = Vault XP percentage of total XP
 D = Non-vault monster count
 E = Vault monster count
 F = Vault count percentage of total count
                 A         B        C        D         E       F
            +---------+---------+-------+---------+---------+-------
      Total |      41 |       0 |   0.0 |      18 |       0 |   0.0
            +---------+---------+-------+---------+---------+-------
        D:1 |      19 |       0 |   0.0 |      12 |       0 |   0.0
        D:2 |      22 |       0 |   0.0 |       6 |       0 |   0.0
            +---------+---------+-------+---------+---------+-------
